 Dungeon Crawl Stone Soup version 0.14-a0-1663-g0b35444 (webtiles) character file.

2877 MirrMurr the Covert (level 9, 0/39 HPs)
             Began as a Spriggan Enchanter on Dec 28, 2013.
             Was a Follower of Ashenzari.
             Slain by an orc warrior
             ... wielding a +0,+3 orcish glaive
              (19 damage)
             ... on Level 6 of the Dungeon.
             The game lasted 00:29:03 (7486 turns).

MirrMurr the Covert (Spriggan Enchanter)            Turns: 7486, Time: 00:29:03

HP   0/39        AC  9     Str  7      XL: 9   Next: 37%
MP  21/27        EV 17     Int 17      God: Ashenzari [*.....]
Gold 202         SH 11     Dex 16      Spells:  3 memorised, 15 levels left

rFire  . . .     SeeInvis +     a - +0,+2 dagger (freeze) (curse)
rCold  . . .     Clarity  .     b - +1 robe
rNeg   . . .     Conserve .     H - +0 dwarf buckler (curse)
rPois  .         rCorr    .     (helmet restricted)
rElec  .         rRot     .     r - +0 cloak
SustAb . .       Spirit   .     (gloves unavailable)
rMut   .         Warding  .     (boots unavailable)
Saprov . . .     Stasis   .     (no amulet)
                                (no ring)
                                p - cursed +5 ring of protection

@: mildly poisoned, very slightly contaminated, very quick, quite resistant to
hostile enchantments, quite stealthy
A: unfitting armour, see invisible, herbivore 3, speed 3, slow metabolism 2
a: Renounce Religion


You were on level 6 of the Dungeon.
You worshipped Ashenzari.
Ashenzari was aware of your devotion.
You were full.

You visited 2 branches of the dungeon, and saw 8 of its levels.

You collected 202 gold pieces.

Inventory:

Hand weapons
 a - a cursed +0,+2 dagger of freezing (weapon)
Missiles
 d - 5 darts (quivered)
Armour
 b - a +1 robe (worn)
 r - a +0 cloak (worn)
 H - a cursed +0 dwarven buckler (worn)
Magical devices
 F - a wand of lightning (0)
Comestibles
 l - 5 bread rations
 m - an apple
 w - 2 pears
 B - 8 sultanas
Scrolls
 f - 3 scrolls of fog {unknown}
 g - 6 scrolls of teleportation
 h - 3 scrolls of enchant weapon I {unknown}
 i - a scroll of amnesia {unknown}
 j - 2 scrolls of curse weapon
 n - 4 scrolls of recharging {unknown}
 s - a scroll of immolation {unknown}
 v - a scroll of random uselessness {unknown}
 x - a scroll of remove curse
 C - a scroll of fear {unknown}
 D - a scroll of blinking {unknown}
Jewellery
 o - an uncursed ring of flight
 p - a cursed +5 ring of protection (left hand)
Potions
 e - 2 potions of porridge
 k - 2 potions of heal wounds
 q - a potion of flight
 t - 3 potions of restore abilities
 u - a potion of invisibility
 z - a potion of might {unknown}
 A - 2 potions of agility {unknown}
 G - a potion of speed {unknown}
Books
 c - a book of Maledictions

   Spells                             Type                      Level
   *Corona                            Hexes                        1
   Sure Blade                         Hexes/Charms                 2
   *Ensorcelled Hibernation           Hexes/Ice                    2
   *Confuse                           Hexes                        3
   Enslavement                        Hexes                        4
   Invisibility                       Hexes                        6


   Skills:
 - Level 8.0 Short Blades
 - Level 1.1 Throwing
 - Level 3.0 Dodging
 + Level 12.8 Stealth
 + Level 6.7 Spellcasting
 * Level 5.8 Hexes


You had 15 spell levels left.
You knew the following spells:

 Your Spells              Type           Power        Failure   Level  Hunger
a - Ensorcelled Hibernat  Hex/Ice        ###...       8%          2    None
b - Confuse               Hex            ####....     4%          3    ##.....
Z - Corona                Hex            ####...      1%          1    None


Dungeon Overview and Level Annotations

Branches:
Dungeon (7/16)             Temple (1/1) D:5

Altars:
Ashenzari
Cheibriados
Elyvilon
Fedhas
Kikubaaqudgha
Makhleb
Nemelex Xobeh
Okawaru
Trog
Vehumet
Yredelemnul
the Shining One

Portals:
Sewer: D:6


Innate Abilities, Weirdness & Mutations

You are tiny and cannot use many weapons and most armour.
You have supernaturally acute eyesight.
You are a herbivore.
You cover ground extremely quickly.
You need consume almost no food.


Message History

The giant mite is severely wounded.
You block the giant mite's attack.
You hit the giant mite. You freeze the giant mite.
You kill the giant mite!
You enter the shallow water.
Moving in this stuff is going to be slow.
Things that are here:
a worm corpse; a giant mite corpse You hear the brisk rusting of a drain.
Found a glowing drain.
Your unstable footing causes you to fumble your attack.
You feel sick.
Casting: Ensorcelled Hibernation
Confirm with . or Enter, or press ? or * to list all spells.
Aiming: Ensorcelled Hibernation
Press: ? - help, Shift-Dir - straight line, f - orc warrior
Aim: an orc warrior, wielding an orcish glaive and wearing an orcish plate armour (hasn't noticed you)
The orc warrior resists.
You feel sick.
The orc warrior hits you with an orcish glaive!
You die...

#..# #.# #.#######
#..########## #........
#..##≈≈≈≈.≈≈## #........
#..#≈#######≈# #........
#..#.#≈.≈≈##≈# #.#'#####
#..#.#.###≈#≈# #.#.....#
#..#.#%#∩#%#≈###.#.....#
#..#.#≈#o#≈#≈#...#.....#
#..#≈##@##≈#≈#...#######
#..#≈#####.#≈#..........
#..##≈≈≈≈≈##≈#..........
#...#######.##..........
#...# #.............
#...# ##.%%.........
#...# #............
#...# #..%%........
#...########......%.....


You could see an orc warrior.

Vanquished Creatures
  Eustachio (D:6)
  A merfolk (D:7)
  A necrophage (D:5)
  An orc warrior (D:6)
  2 phantoms (D:6)
  2 ice beasts (D:5)
  2 ogres
  Sigmund (D:7)
  3 centaurs
  A giant frog (D:6)
  An eye of draining (D:5)
  4 crimson imps
  3 hounds
  A black bear zombie (D:6)
  A quasit (D:7)
  A jelly (D:7)
  2 big fish (D:7)
  A human skeleton (D:4)
  3 orc priests
  3 worker ants
  2 orc wizards (D:7)
  4 iguanas
  A scorpion (D:4)
  A worker ant zombie (D:5)
  5 gnolls
  A green rat (D:6)
  11 adders
  A giant centipede (D:6)
  A human (D:4)
  3 giant mites
  4 worms
  An adder skeleton (D:4)
  3 giant eyeballs
  4 giant geckos
  3 oozes
  22 orcs
  13 bats
  A bat zombie (D:5)
  5 giant cockroaches
  12 goblins
  9 hobgoblins
  6 jackals
  3 quokkas
  4 ball pythons
  5 giant newts
  A hobgoblin zombie (D:5)
  A jackal skeleton (D:6)
  6 kobolds
  A kobold zombie (D:5)
  An orc zombie (D:6)
  12 rats
  2 rat skeletons
  3 ballistomycetes (D:6)
187 creatures vanquished.

Vanquished Creatures (others)
  A goblin (D:5)
  A giant spore (D:6)
  A goblin zombie (D:4)
  A kobold (D:4)
4 creatures vanquished.

Grand Total: 191 creatures vanquished

Notes
Turn   | Place    | Note
--------------------------------------------------------------
     0 | D:1      | MirrMurr, the Spriggan Enchanter, began the quest for the Orb.
     0 | D:1      | Reached XP level 1. HP: 9/9 MP: 4/4
   318 | D:1      | Reached skill level 4 in Stealth
   515 | D:1      | Reached XP level 2. HP: 13/13 MP: 7/7
   675 | D:1      | Reached skill level 5 in Stealth
  1071 | D:1      | Learned a level 2 spell: Ensorcelled Hibernation
  1079 | D:2      | Reached XP level 3. HP: 13/16 MP: 6/9
  1090 | D:2      | Learned a level 3 spell: Confuse
  1344 | D:2      | Reached skill level 6 in Stealth
  1750 | D:2      | Reached XP level 4. HP: 21/21 MP: 12/12
  1935 | D:3      | Found an ancient bone altar of Kikubaaqudgha.
  2274 | D:3      | Reached skill level 7 in Stealth
  2743 | D:3      | Reached XP level 5. HP: 17/24 MP: 11/14
  3543 | D:4      | Noticed an ogre
  3557 | D:4      | Killed an ogre
  3557 | D:4      | Reached skill level 8 in Stealth
  3557 | D:4      | Reached XP level 6. HP: 28/28 MP: 11/18
  3815 | D:4      | Found a bloodstained altar of Trog.
  3815 | D:4      | Found a blossoming altar of Fedhas.
  3947 | D:4      | Found a basalt altar of Yredelemnul.
  4472 | D:5      | Entered Level 5 of the Dungeon
  4546 | D:5      | Reached skill level 9 in Stealth
  4546 | D:5      | Reached XP level 7. HP: 32/32 MP: 0/20
  4555 | D:5      | Noticed a necrophage
  4721 | D:5      | Killed a necrophage
  4721 | D:5      | Reached skill level 5 in Short Blades
  4973 | D:5      | Found a staircase to the Ecumenical Temple.
  4983 | Temple   | Entered the Ecumenical Temple
  5003 | Temple   | Became a worshipper of Ashenzari the Shackled
  5122 | D:5      | Reached skill level 10 in Stealth
  5231 | D:5      | Reached XP level 8. HP: 36/36 MP: 23/23
  5996 | D:6      | Reached skill level 5 in Spellcasting
  6051 | D:7      | Reached skill level 11 in Stealth
  6103 | D:7      | Noticed Sigmund
  6109 | D:7      | Killed Sigmund
  6136 | D:7      | Identified the amulet of the Princess {+Rage Str+5 Int-2}
  6447 | D:6      | Noticed Eustachio
  6449 | D:6      | Killed Eustachio
  6449 | D:6      | Reached skill level 12 in Stealth
  6591 | D:6      | Reached XP level 9. HP: 39/39 MP: 17/26
  7065 | D:6      | Reached skill level 5 in Hexes
  7484 | D:6      | Found a glowing drain.
  7486 | D:6      | Slain by an orc warrior

Action                   |  1- 3 |  4- 6 |  7- 9 || total
-------------------------+-------+-------+-------++-------
Melee: Dagger            |   125 |   222 |   312 ||   659
 Cast: Ensorcelled Hiber |     2 |    41 |    62 ||   105
       Confuse           |       |     4 |     9 ||    13
Evoke: Wand              |       |       |     3 ||     3
  Use: Scroll            |     1 |     3 |     4 ||     8
       Potion            |     1 |     2 |       ||     3
 Stab: Sleeping          |    14 |    34 |    40 ||    88
       Distracted        |       |     1 |     1 ||     2
       Confused          |       |       |     5 ||     5
